SAAA
JERSEY CITY TRITONS @ CALGARY LYNX
06/15/2027
 
TOP OF THE 1ST
Jersey City Tritons batting - Pitching for Calgary Lynx : RHP Roy Shively
Pitching: RHP Roy Shively
Batting: RHB Luis Rodríguez 0-0: Foul Ball, location: 2F
0-1: Ball
1-1: Ball
2-1: Foul Ball, location: 2F
2-2: Foul Ball, location: 2F
2-2: Strikes out swinging
Batting: RHB Lionel McCloud 0-0: Swinging Strike
0-1: Ball
1-1: Swinging Strike
1-2: Ball
2-2: Strikes out swinging
Batting: LHB Preston Witt 0-0: SINGLE (Groundball, 34D)
Batting: RHB Mike Greene 0-0: Foul Ball, location: 2F
0-1: Ball
1-1: Ball
2-1: Foul Ball, location: 2F
2-2: Strikes out swinging
Top of the 1st over - 0 run(s), 1 hit(s), 0 error(s), 1 left on base; Jersey City 0 - Calgary 0
BOTTOM OF THE 1ST
Calgary Lynx batting - Pitching for Jersey City Tritons : RHP Ricardo Rodríguez
Pitching: RHP Ricardo Rodríguez
Batting: RHB Wilson Vega 0-0: Ball
1-0: Foul Ball, location: 2F
1-1: Ball
2-1: Ball
3-1: Base on Balls
Batting: RHB Miguel Rosales 0-0: Fly out, F9 (Flyball, 9S)
Batting: SHB Ted Striker 0-0: Ball
Balk!
Wilson Vega to second
1-0: Fly out, F9 (Flyball, 9)
Batting: RHB José Jarca 0-0: Ball
1-0: Called Strike
1-1: Ball
2-1: Fly out, F9 (Flyball, 9S)
Bottom of the 1st over - 0 run(s), 0 hit(s), 0 error(s), 1 left on base; Jersey City 0 - Calgary 0
TOP OF THE 2ND
Jersey City Tritons batting - Pitching for Calgary Lynx : RHP Roy Shively
Batting: RHB Brandon Reed 0-0: Ball
1-0: Called Strike
1-1: SINGLE (Line Drive, 8LS)
Batting: SHB Vince Barrowcliff 0-0: Ball
1-0: Ball
2-0: Swinging Strike
2-1: Ball
3-1: Foul Ball, location: 2F
3-2: Ground out 4-3 (Groundball, 4D)
Brandon Reed to second
Batting: RHB Jorge Rodríguez 0-0: Ball
1-0: Foul Ball, location: 2F
1-1: Ball
2-1: Foul Ball, location: 2F
2-2: Ball
3-2: Foul Ball, location: 2F
3-2: Foul Ball, location: 2F
3-2: Ground out 6-3 (Groundball, 6)
Batting: RHB Gabriel Guerrero 0-0: Hit by Pitch
Batting: RHB Stephen Crouch 0-0: Ball
1-0: Foul Ball, location: 2F
1-1: Ball
2-1: Ball
3-1: Fly out, F9 (Flyball, 9LS)
Top of the 2nd over - 0 run(s), 1 hit(s), 0 error(s), 2 left on base; Jersey City 0 - Calgary 0
BOTTOM OF THE 2ND
Calgary Lynx batting - Pitching for Jersey City Tritons : RHP Ricardo Rodríguez
Batting: RHB Hugh Mungus 0-0: Ball
1-0: Foul Ball, location: 2F
1-1: Ball
2-1: Foul Ball, location: 2F
2-2: Ground out 1-3 (Groundball, 15S)
Batting: LHB Thomas Campbell 0-0: Called Strike
0-1: Foul Ball, location: 2F
0-2: Ball
1-2: Ball
2-2: Foul Ball, location: 2F
2-2: Strikes out swinging
Batting: RHB Álex Estrada 0-0: Ball
1-0: Ball
2-0: SINGLE (Line Drive, 89S)
Batting: RHB Tony Farquharson 0-0: Ball
Álex Estrada steals 2nd base
1-0: Ball
2-0: Foul Ball, location: 2F
2-1: Ball
3-1: Swinging Strike
3-2: Base on Balls
Batting: RHB Gilberto Rodríguez 0-0: Fly out, F7 (Flyball, 7LM)
Bottom of the 2nd over - 0 run(s), 1 hit(s), 0 error(s), 2 left on base; Jersey City 0 - Calgary 0
TOP OF THE 3RD
Jersey City Tritons batting - Pitching for Calgary Lynx : RHP Roy Shively
Batting: RHB Luis Rodríguez 0-0: Called Strike
0-1: Ball
1-1: Swinging Strike
1-2: Foul Ball, location: 2F
1-2: Foul Ball, location: 2F
1-2: Foul Ball, location: 2F
1-2: Strikes out swinging
Batting: RHB Lionel McCloud 0-0: Swinging Strike
0-1: Ball
1-1: DOUBLE (Line Drive, 7LS)
Batting: LHB Preston Witt 0-0: Hit by Pitch
Batting: RHB Mike Greene 0-0: Ball
1-0: Ball
2-0: Called Strike
Lionel McCloud is caught stealing 3rd base
Preston Witt to second
2-1: Foul Ball, location: 2F
2-2: Ball
3-2: Base on Balls
Batting: RHB Brandon Reed 0-0: Ball
1-0: Ball
2-0: Ball
3-0: Base on Balls
Preston Witt to third
Mike Greene to second
Batting: SHB Vince Barrowcliff 0-0: Called Strike
0-1: Ball
1-1: Ball
2-1: Called Strike
2-2: Foul Ball, location: 2F
2-2: Foul Ball, location: 2F
2-2: Strikes out swinging
Top of the 3rd over - 0 run(s), 1 hit(s), 0 error(s), 3 left on base; Jersey City 0 - Calgary 0
BOTTOM OF THE 3RD
Calgary Lynx batting - Pitching for Jersey City Tritons : RHP Ricardo Rodríguez
Batting: RHB Wilson Vega 0-0: Ball
1-0: Called Strike
1-1: Called Strike
1-2: Ball
2-2: Ball
3-2: Base on Balls
Batting: RHB Miguel Rosales 0-0: Ball
1-0: Swinging Strike
1-1: Foul Ball, location: 2F
1-2: Foul Ball, location: 2F
1-2: Strikes out swinging
Batting: SHB Ted Striker 0-0: Fly out, F4 (Line Drive, 4)
Batting: RHB José Jarca 0-0: Ball
1-0: Ball
2-0: Ball
3-0: Called Strike
3-1: Fielders Choice at 2nd, 6-4 (Groundball, 6)
Bottom of the 3rd over - 0 run(s), 0 hit(s), 0 error(s), 0 left on base; Jersey City 0 - Calgary 0
TOP OF THE 4TH
Jersey City Tritons batting - Pitching for Calgary Lynx : RHP Roy Shively
Batting: RHB Jorge Rodríguez 0-0: Ball
1-0: Ball
2-0: Ground out 6-3 (Groundball, 6)
Batting: RHB Gabriel Guerrero 0-0: Called Strike
0-1: Called Strike
0-2: Hit by Pitch
Batting: RHB Stephen Crouch 0-0: Called Strike
0-1: Ball
1-1: Called Strike
1-2: Ball
2-2: Foul Ball, location: 2F
2-2: Grounds into double play, 4-6-3 (Groundball, 4)
Top of the 4th over - 0 run(s), 0 hit(s), 0 error(s), 0 left on base; Jersey City 0 - Calgary 0
BOTTOM OF THE 4TH
Calgary Lynx batting - Pitching for Jersey City Tritons : RHP Ricardo Rodríguez
Batting: RHB Hugh Mungus 0-0: Foul Ball, location: 2F
0-1: Ball
1-1: SINGLE (Flyball, 89S)
Batting: LHB Thomas Campbell 0-0: Ball
1-0: Swinging Strike
1-1: Fly out, F9 (Flyball, 89M)
Batting: RHB Álex Estrada 0-0: Ball
1-0: Ball
2-0: Grounds into double play, 5-4-3 (Groundball, 56)
Bottom of the 4th over - 0 run(s), 1 hit(s), 0 error(s), 0 left on base; Jersey City 0 - Calgary 0
TOP OF THE 5TH
Jersey City Tritons batting - Pitching for Calgary Lynx : RHP Roy Shively
Batting: RHB Luis Rodríguez 0-0: Ball
1-0: Foul Ball, location: 2F
1-1: Fly out, F2 (Popup, 2L)
Batting: RHB Lionel McCloud 0-0: Ball
1-0: Ground out 6-3 (Groundball, 6)
Batting: LHB Preston Witt 0-0: Ball
1-0: Fly out, F7 (Flyball, 7S)
Top of the 5th over - 0 run(s), 0 hit(s), 0 error(s), 0 left on base; Jersey City 0 - Calgary 0
BOTTOM OF THE 5TH
Calgary Lynx batting - Pitching for Jersey City Tritons : RHP Ricardo Rodríguez
Batting: RHB Tony Farquharson 0-0: Called Strike
0-1: Foul Ball, location: 2F
0-2: Strikes out swinging
Batting: RHB Gilberto Rodríguez 0-0: Fly out, F7 (Flyball, 7S)
Batting: RHB Wilson Vega 0-0: Called Strike
0-1: Fly out, F3 (Line Drive, 34)
Bottom of the 5th over - 0 run(s), 0 hit(s), 0 error(s), 0 left on base; Jersey City 0 - Calgary 0
TOP OF THE 6TH
Jersey City Tritons batting - Pitching for Calgary Lynx : RHP Roy Shively
Batting: RHB Mike Greene 0-0: Fly out, F9 (Flyball, 89M)
Batting: RHB Brandon Reed 0-0: Ball
1-0: Foul Ball, location: 2F
1-1: Ball
2-1: Ground out 5-3 (Groundball, 56)
Batting: SHB Vince Barrowcliff 0-0: Ball
1-0: Called Strike
1-1: Foul Ball, location: 2F
1-2: Ball
2-2: Fly out, F9 (Line Drive, 9LM)
Top of the 6th over - 0 run(s), 0 hit(s), 0 error(s), 0 left on base; Jersey City 0 - Calgary 0
BOTTOM OF THE 6TH
Calgary Lynx batting - Pitching for Jersey City Tritons : RHP Ricardo Rodríguez
Batting: RHB Miguel Rosales 0-0: Ground out 1-3 (Groundball, 15S)
Batting: SHB Ted Striker 0-0: Called Strike
0-1: Fly out, F5 (Flyball, 56D)
Batting: RHB José Jarca 0-0: Ball
1-0: SINGLE (Flyball, 8LS)
Batting: RHB Hugh Mungus 0-0: 2-RUN HOME RUN (Flyball, 7D), Distance : 390 ft
Batting: LHB Thomas Campbell 0-0: Called Strike
0-1: Ground out 3-1 (Groundball, 34)
Bottom of the 6th over - 2 run(s), 2 hit(s), 0 error(s), 0 left on base; Jersey City 0 - Calgary 2
TOP OF THE 7TH
Jersey City Tritons batting - Pitching for Calgary Lynx : RHP Roy Shively
Batting: RHB Jorge Rodríguez 0-0: Ball
1-0: Foul Ball, location: 2F
1-1: Called Strike
1-2: Strikes out swinging
Batting: RHB Gabriel Guerrero 0-0: Ground out 6-3 (Groundball, 6)
Batting: RHB Stephen Crouch 0-0: Fly out, F9 (Flyball, 9LS)
Top of the 7th over - 0 run(s), 0 hit(s), 0 error(s), 0 left on base; Jersey City 0 - Calgary 2
BOTTOM OF THE 7TH
Calgary Lynx batting - Pitching for Jersey City Tritons : RHP Ricardo Rodríguez
Batting: RHB Álex Estrada 0-0: Called Strike
0-1: Ball
1-1: Ground out 6-3 (Groundball, 6)
Batting: RHB Tony Farquharson 0-0: Called Strike
0-1: Ball
1-1: Ball
2-1: Ball
3-1: Ground out 6-3 (Groundball, 6)
Batting: RHB Gilberto Rodríguez 0-0: Ball
1-0: Ground out 6-3 (Groundball, 6S)
Bottom of the 7th over - 0 run(s), 0 hit(s), 0 error(s), 0 left on base; Jersey City 0 - Calgary 2
TOP OF THE 8TH
Jersey City Tritons batting - Pitching for Calgary Lynx : RHP Roy Shively
Now in RF: Daniel García
Batting: RHB Luis Rodríguez 0-0: Swinging Strike
0-1: Foul Ball, location: 2F
0-2: Ball
1-2: Foul Ball, location: 2F
1-2: Strikes out swinging
Pitching: RHP Domingo Velasco
Batting: RHB Lionel McCloud 0-0: Called Strike
0-1: Ball
1-1: DOUBLE (Line Drive, 78M)
Pitching: LHP Héctor Cortéz
Batting: LHB Preston Witt 0-0: Called Strike
0-1: Swinging Strike
0-2: Ball
1-2: Fly out, F7 (Flyball, 7S)
Pitching: RHP José Larranaga
Batting: RHB Mike Greene 0-0: Ball
1-0: Foul Ball, location: 2F
1-1: DOUBLE (Flyball, 78D)
Lionel McCloud scores
Batting: RHB Brandon Reed 0-0: Foul Ball, location: 2F
0-1: Ball
1-1: Fly out, F7 (Line Drive, 7)
Top of the 8th over - 1 run(s), 2 hit(s), 0 error(s), 1 left on base; Jersey City 1 - Calgary 2
BOTTOM OF THE 8TH
Calgary Lynx batting - Pitching for Jersey City Tritons : RHP Ricardo Rodríguez
Batting: RHB Wilson Vega 0-0: Ball
1-0: Called Strike
1-1: Called Strike
1-2: SINGLE (Flyball, 8RS)
Batting: LHB Daniel García 0-0: Ground out 4-3 (Groundball, 4)
Wilson Vega to second
Batting: SHB Ted Striker 0-0: Ball
1-0: Ball
2-0: Fly out, F7 (Flyball, 7S)
Batting: RHB José Jarca 0-0: Ground out 6-3 (Groundball, 6)
Bottom of the 8th over - 0 run(s), 1 hit(s), 0 error(s), 1 left on base; Jersey City 1 - Calgary 2
TOP OF THE 9TH
Jersey City Tritons batting - Pitching for Calgary Lynx : RHP José Larranaga
Pitching: RHP Tate Beason
Pinch Hitting: RHB Bob Heller 0-0: Called Strike
0-1: Swinging Strike
0-2: Ball
1-2: Ball
2-2: Ball
3-2: Base on Balls
Batting: RHB Jorge Rodríguez 0-0: Bunted foul
0-1: Sac Bunt - play at second, runner OUT! 3-6
Pinch Hitting: RHB Salvador Pineda 0-0: Foul Ball, location: 2F
0-1: Ball
1-1: Called Strike
1-2: Ball
2-2: Foul Ball, location: 2F
2-2: Fly out, F7 (Flyball, 7S)
Pinch Hitting: RHB Tony Quintana 0-0: Fly out, F3 (Popup, 3L)
Top of the 9th over - 0 run(s), 0 hit(s), 0 error(s), 1 left on base; Jersey City 1 - Calgary 2
Saturday, May 26th, 2018 - OOTP Baseball 17.12 Build 75